 Dungeon Crawl Stone Soup version 0.30-a0-330-g8f2769a82d (webtiles) character file.

Game seed: 2953610413294439853

114 Engwar the Insei (level 4, -2/28 HPs)
             Began as an Octopode Transmuter on Oct 29, 2022.
             Slain by Sigmund
             ... wielding a +3 scythe of freezing
              (5 damage)
             ... on level 3 of the Dungeon.
             The game lasted 00:06:00 (2683 turns).

Engwar the Insei (Octopode Transmuter)              Turns: 2683, Time: 00:06:00

Health: -2/28      AC:  2    Str:  9    XL:     4   Next: 98%
Magic:  5/7        EV: 23    Int: 17    God:
Gold:   89         SH:  5    Dex: 17    Spells: 1/7 levels left

rFire   . . .      SeeInvis .      - Unarmed
rCold   . . .      Faith    .    (shield currently unavailable)
rNeg    . . .      Spirit   .    (helmet currently unavailable)
rPois   x          Reflect  +    f - amulet of reflection
rElec   .          Harm     .    i - +4 ring of evasion
rCorr   .          Rampage  .    (no ring)
Will    .....                    (no ring)
Stlth   ++........               (no ring)
HPRegen 0.24/turn                (no ring)
MPRegen 0.10/turn                (no ring)
                                 (no ring)
                                 (no ring)

@: spider-form (expiring)
A: venomous fangs, almost no armour, (amphibious), 8 rings, tiny, (camouflage
1), (gelatinous body 1), (nimble swimmer 1), (tentacles)
a: End Transformation


You were on level 3 of the Dungeon.
You were a venomous arachnid creature.
You visited 1 branch of the dungeon, and saw 3 of its levels.

You collected 89 gold pieces.

Inventory:

Missiles
 g - 4 poisoned darts
Jewellery
 d - an amulet of guardian spirit
 f - an amulet of reflection (around neck)
 i - a +4 ring of evasion (left front leg)
Scrolls
 m - a scroll of butterflies
Potions
 a - 2 potions of lignification
 b - 3 potions of might
 c - 3 potions of curing {unknown}
 e - 3 potions of heal wounds {unknown}
 h - a potion of attraction {unknown}
 j - a potion of haste {unknown}
 k - 2 potions of mutation {unknown}
 l - a potion of cancellation {unknown}
 n - a potion of berserk rage {unknown}


   Skills:
 - Level 1.0 Fighting
 - Level 2.0 Dodging
 - Level 3.0 Stealth
 + Level 4.0 Unarmed Combat
 - Level 2.0 Spellcasting
 + Level 3.2 Transmutations
 + Level 1.2 Poison Magic


You had one spell level left.
You knew the following spells:

 Your Spells              Type           Power      Damage    Failure   Level
a - Beastly Appendage     Tmut           24%        N/A       14%         1
b - Wereblood             Tmut           12%        N/A       21%         2
c - Spider Form           Tmut/Pois      9%         N/A       43%         3

Your spell library contained the following spells:

 Spells                   Type           Power      Damage    Failure   Level
 Sandblast                Erth           2%         2d4       38%         1
 Slow                     Hex            4%         N/A       38%         1
 Passwall                 Tmut/Erth      5%         N/A       34%         2
 Poisonous Vapours        Pois/Air       6%         N/A       43%         2
 Cigotuvi's Dreadful Rot  Necr/Pois/Air  6%         N/A       45%         2
 Mephitic Cloud           Conj/Pois/Air  3%         N/A       65%         3
 Confusing Touch          Hex            1%         N/A       71%         3
 Stone Arrow              Conj/Erth      2%         3d7       71%         3
 Vampiric Draining        Necr           1%         2d6       71%         3
 Ice Form                 Ice/Tmut       7%         N/A       86%         4


Dungeon Overview and Level Annotations

Branches:
Dungeon (3/15)

Altars:
Uskayaw

Annotations:
D:3 Sigmund


Innate Abilities, Weirdness & Mutations

You are a venomous arachnid creature.
You have poisonous fangs.
You are tiny and dextrous.
Your spellcasting is less reliable in this form.
Your armour is entirely melded.
You are incapable of wielding weapons or throwing items.
You cannot wear most types of armour.
((You are amphibious.))
You can wear up to eight rings at the same time.
((Your skin changes colour to match your surroundings (Stealth+).))
((Your rubbery body absorbs attacks. (AC +1, EV +1)))
((You are camouflaged when in or above water. (Stealth+)))
((You have tentacles for arms and can constrict up to eight enemies at once.))


Message History

Sigmund shouts!
Sigmund is nearby!
Sigmund points at you and mumbles some strange words.
The puff of flame hits you.
You hear an angry hiss.
Sigmund points at you and mumbles some strange words.
The magic dart hits you!
Sigmund points at you and mumbles some strange words.
The puff of flame misses you.
You see here a +0 dagger.
Things that are here:
a +0 sling; a +0 hand axe
There is a stone staircase leading up here.
You climb upwards.
There is a stone staircase leading down, spattered with blood here.
You start resting.
HP restored.
Casting: Beastly Appendage (safe; 4% risk of failure)
Confirm with . or Enter, or press ? or * to list all spells.
You turn into a venomous arachnid creature.
You climb downwards.
Level annotation: Sigmund Sigmund casts a spell.
Sigmund flickers and vanishes!
Deactivating autopickup; reactivate with Ctrl-A.
There is a stone staircase leading up here.
Things that are here:
a +0 club; a goblin skeleton You block something's attack.
Something closely misses you. Something hits you. Something freezes you.
You barely miss something. You hit something. Something hits you!
Something freezes you.
You hit something but do no damage.
Your transformation is almost over.
You hit something. You block something's attack.
You closely miss something. Something hits you!
* * * LOW HITPOINT WARNING * * *
Something freezes you.
You die...

.......#####.÷.#.##.# #.''''
####...<.##..#....#.# ##.''_'
####..)†.#.##......## #..''''
...####.)#.##...##..######..''''
.....##÷..)......##...##........
#......<).............##.#... ###
###...##.)...............###.
..###...#.#..)..................#
......###.......s................
....####.........................
....####.#.........)......#######
..........................###
.........#..................# #
....###.##................#.#.#
....≈.#.##................#...##
..~~).#≈~#.......##..............
...~..~.≈..~.##########....#.###.


There were no monsters in sight!

Vanquished Creatures
  Robin (D:2)
  2 adders
  A worm (D:2)
  5 ball pythons
  7 bats
  3 endoplasms
  3 giant cockroaches
  22 goblins
  9 hobgoblins
  8 jackals
  4 kobolds
  2 frilled lizards
  3 rats
70 creatures vanquished.

Notes
Turn   | Place    | Note
-------+----------+-------------------------------------------
     0 | D:1      | Engwar the Octopode Transmuter began the quest for the Orb.
     0 | D:1      | Reached XP level 1. HP: 13/13 MP: 3/3
   209 | D:1      | Reached skill level 1 in Stealth
   247 | D:1      | Reached XP level 2. HP: 5/18 MP: 5/5
   250 | D:1      | Learned a level 2 spell: Wereblood
  1065 | D:2      | Reached XP level 3. HP: 18/23 MP: 4/6
  1069 | D:2      | Learned a level 3 spell: Spider Form
  1440 | D:2      | Found a hide-covered altar of Uskayaw.
  1708 | D:2      | Reached XP level 4. HP: 15/28 MP: 2/7
  1989 | D:3      | Noticed Robin
  2236 | D:3      | Found a faded altar of an unknown god.
  2392 | D:2      | Killed Robin
  2410 | D:3      | Reached skill level 1 in Poison Magic
  2570 | D:3      | Reached skill level 4 in Unarmed Combat
  2609 | D:3      | Noticed Sigmund
  2683 | D:3      | Slain by Sigmund

Illustrated notes

Levels and vault maps discovered:
D:1:      minmay_arrival_split_and_join, layout_loops_ring, serial_bayou_pond_c,
          minmay_misc_feat_rugged, minmay_misc_feat_enclosed
D:2:      kennysheep_the_goblin_king, layout_basic, basic_altar,
          skrybe_limestone_x
D:3:      layout_rooms, kennysheep_orc_sif_temple,
          hellmonk_ecumenical_altar_heavens_door, serial_rivers,
          chequers_serial_rivers_micro_a, chequers_serial_rivers_micro_a,
          chequers_serial_rivers_marsh, chequers_serial_rivers_room_a,
          kennysheep_generic_room_8, uniq_sigmund, uniq_robin

Skill      XL: |  1  2  3  4 |
---------------+-------------+-----
Stealth        | 1 2 3 |  3.0
Transmutations | 3 |  3.2
Poison Magic   | 1 |  1.2
Unarmed Combat | 4 |  4.0
Fighting       | |  1.0
Dodging        | |  2.0
Spellcasting   | |  2.0

Action                   |  1- 3 |  4- 6 || total
-------------------------+-------+-------++-------
Melee: Unarmed           |    92 |    64 ||   156
       Constrict         |    19 |    21 ||    40
       Tentacles         |    12 |    15 ||    27
       Kick              |     9 |    15 ||    24
       Punch             |     2 |     1 ||     3
 Cast: Beastly Appendage |     6 |     6 ||    12
       Spider Form       |       |     2 ||     2
  Use: Scroll            |     1 |     5 ||     6
 Stab: Sleeping          |    15 |     1 ||    16
Armor: Skin              |     8 |     6 ||    14
Dodge: Dodged            |    50 |    42 ||    92
Block: Other             |       |     8 ||     8
       Reflection        |       |     2 ||     2

Table legend: (Time is in decaauts)
 A = Elapsed time spent in this place.
 B = Non-inter-level travel time spent in this place.
 C = Inter-level travel time spent in this place.
 D = Time resting spent in this place.
 E = Time spent auto-exploring this place.
 F = Levels seen in this place.
 G = Mean time per level.
                   A        B        C        D        E       F      G
               +--------+--------+--------+--------+--------+-----+--------+
         Total |   2676 |   2484 |    192 |    440 |   1501 |   3 |  892.0 |
       Dungeon |   2676 |   2484 |    192 |    440 |   1501 |   3 |  892.0 |
               +--------+--------+--------+--------+--------+-----+--------+

Top non-repeatable levels by time:
     D:2: 1231 daAuts
     D:1: 1039 daAuts
     D:3: 406 daAuts
